 Dungeon Crawl Stone Soup version 0.31-a0-200-gbc41564c69 (webtiles) character file.

Game seed: 15458025988263187607

70 qw the Shooter (level 4, -3/25 HPs)
             Began as a Deep Elf Hunter on June 25, 2023.
             Slain by a gnoll
             ... wielding a +0 club
              (4 damage)
             ... on level 2 of the Dungeon.
             The game lasted 00:00:30 (1780 turns).

qw the Shooter (Deep Elf Hunter)                    Turns: 1780, Time: 00:00:31

Health: -3/25      AC:  3    Str:  7 (10) XL:     4   Next: 4%
Magic:  6/6        EV: 12    Int: 12 (14) God:
Gold:   93         SH:  0    Dex: 16 (18) Spells: 3/3 levels left

rFire   . . .        Y - +1 shortbow
rCold   . . .        (shield currently unavailable)
rNeg    . . .        c - +0 leather armour
rPois   .            (no helmet)
rElec   .            (no cloak)
rCorr   .            (no gloves)
SInv    .            (no boots)
Will    .....        (no amulet)
Stlth   ++           (no ring)
HPRegen 0.24/turn    (no ring)
MPRegen 0.10/turn

%: no passive effects
@: about to teleport
A: no striking features
a: no special abilities


You were on level 2 of the Dungeon.
You visited 1 branch of the dungeon, and saw 3 of its levels.

You collected 93 gold pieces.


   Skills:
 - Level 1.5 Fighting
 + Level 7.4 Ranged Weapons
 - Level 2.4 Dodging
 - Level 1.2 Stealth


You had 3 spell levels left.
You didn't know any spells.
Your spell library was empty.

Inventory:

Hand Weapons
 Y - a +1 shortbow (weapon)
Armour
 c - a +0 leather armour (worn)

Dungeon Overview and Level Annotations

Branches:
Dungeon (3/15)

Altars:
Fedhas


Message History

The arrow hits the gnoll but does no damage.
The gnoll is heavily wounded.
The gnoll hits you with a +0 flail.
You shoot an arrow. The arrow hits the gnoll.
The gnoll is almost dead.
The gnoll closely misses you.
You shoot an arrow. The arrow hits the gnoll.
You kill the gnoll!
You have reached level 4!
You feel clever.
You start resting.
HP restored.
Done exploring.
(D) Dungeon
Where to? (* - list waypoints, Enter - D:3, ? - help)
What level of the Dungeon? (default 1, ? - help)
You climb downwards.
The gnoll shouts!
The hobgoblin hits you. The gnoll hits you with a +0 club!
There is a stone staircase leading up, spattered with blood here.
1774 ||| STAIRDANCE The gnoll closely misses you.
The hobgoblin misses you.
You climb upwards.
There is a stone staircase leading down here.
You shoot an arrow. The arrow closely misses the gnoll.
The hobgoblin closely misses you. The gnoll hits you with a +0 club.
You shoot an arrow. The arrow hits the gnoll.
The gnoll is lightly wounded.
The hobgoblin barely misses you. The gnoll misses you.
You shoot an arrow. The arrow hits the gnoll.
The gnoll is moderately wounded.
The hobgoblin hits you. The gnoll hits you with a +0 club.
The hobgoblin hits you. The gnoll hits you with a +0 club.
You shoot an arrow. The arrow hits the gnoll.
The gnoll is moderately wounded.
The hobgoblin hits you. The gnoll hits you with a +0 club.
1780 ||| READING scroll of teleportation.
As you read the scroll of teleportation, it crumbles to dust.
You feel strangely unstable. The hobgoblin hits you.
The gnoll hits you with a +0 club.
You die...

..............+.................#
######.....####......._........##
#.#..## ##>..........##.## #...##
##........#.#### ##.##
##...##....# #.# ##'######.# #.#
####.######.# #.# #g..........#
#.# #@##.######## #.# ###g#...##
#.#### #........#
#....###.......##
####..........#############
#####......#############
#......#############
######.#############
#.#############


You could see a gnoll and a hobgoblin.

Vanquished Creatures
  A gnoll (D:2)
  3 adders (D:2)
  2 dart slugs
  2 endoplasms (D:1)
  2 giant cockroaches (D:2)
  2 goblins (D:1)
  4 hobgoblins
  3 quokkas (D:1)
  2 ball pythons
  5 bats
  A frilled lizard (D:2)
  2 kobolds
  2 rats
31 creatures vanquished.

Notes
Turn   | Place    | Note
-------+----------+-------------------------------------------
     0 | D:1      | qw the Deep Elf Hunter began the quest for the Orb.
     0 | D:1      | Reached XP level 1. HP: 12/12 MP: 3/3
     0 | D:1      | 0 ||| qw: Version: 0.3-a-22-g0ed2b0b
     0 | D:1      | 0 ||| qw: Game counter: 5661
     0 | D:1      | 0 ||| qw: Melee chars always use a shield: true
     0 | D:1      | 0 ||| qw: God list: Okawaru
     0 | D:1      | 0 ||| qw: Allow faded altars: false
     0 | D:1      | 0 ||| qw: Do Orc after clearing Dungeon:15 true
     0 | D:1      | 0 ||| qw: Do second Lair branch before Depths: true
     0 | D:1      | 0 ||| qw: Lair rune preference: random
     0 | D:1      | 0 ||| qw: Goals: Normal
     0 | D:1      | 0 ||| PLANNING D:1-11
   180 | D:1      | Reached skill level 6 in Ranged Weapons
   180 | D:1      | Reached XP level 2. HP: 16/16 MP: 4/4
   611 | D:1      | 611 ||| DROPPING ring of wizardry.
   612 | D:1      | 612 ||| READING scroll labelled ADIUMI OTSYAMU.
   713 | D:1      | 713 ||| READING scroll labelled OQUKKY XUASCH.
   718 | D:1      | 718 ||| READING scroll labelled WURICKYO ZUSE.
   719 | D:1      | 719 ||| READING scroll labelled LAUSSA KOADERE.
   720 | D:1      | 720 ||| READING scroll labelled KOCEVA HIMOP.
   721 | D:1      | 721 ||| DROPPING scroll of butterflies.
   786 | D:2      | Found a blossoming altar of Fedhas.
   928 | D:2      | Reached XP level 3. HP: 20/20 MP: 5/5
   943 | D:2      | Reached skill level 7 in Ranged Weapons
   944 | D:2      | HP: 4/20 [poisoned by an adder]
   948 | D:2      | HP: 1/20 [poisoned by an adder]
  1678 | D:2      | 1678 ||| READING 2 scrolls labelled GEQEWN OFORA.
  1679 | D:2      | 1679 ||| READING scroll labelled VAANEU ZEASA.
  1680 | D:2      | 1680 ||| DRINKING 2 cyan potions.
  1681 | D:2      | 1681 ||| DROPPING potion of degeneration.
  1682 | D:2      | 1682 ||| DROPPING scroll of immolation.
  1710 | D:3      | 1710 ||| STAIRDANCE
  1717 | D:2      | Reached XP level 4. HP: 11/25 MP: 6/6
  1774 | D:3      | 1774 ||| STAIRDANCE
  1779 | D:2      | HP: 5/25 [gnoll/+0 club (4)]
  1780 | D:2      | 1780 ||| READING scroll of teleportation.
  1780 | D:2      | HP: 1/25 [hobgoblin (4)]
  1780 | D:2      | Slain by a gnoll

Levels and vault maps discovered:
D:1:      lemuel_arrival_behind_the_door_large, layout_basic,
          minmay_misc_feat_enclosed
D:2:      layout_loops_corners, basic_altar, minmay_surrounded
D:3:      layout_loops_ring, uniq_grinder

Skill      XL: |  1  2  3 |
---------------+----------+-----
Ranged Weapons | 6 7 |  7.4
Fighting       | |  1.5
Dodging        | |  2.4
Stealth        | |  1.2

Action                     |  1- 3 |  4- 6 || total
---------------------------+-------+-------++-------
   Fire: Shortbow          |    95 |     4 ||    99
    Use: Scroll            |     7 |     1 ||     8
         Potion            |     1 |       ||     1
 Armour: Leather armour    |    14 |       ||    14
  Dodge: Dodged            |    26 |     5 ||    31

Table legend:
 A = Non-vault XP
 B = Vault XP
 C = Vault XP percentage of total XP
 D = Non-vault monster count
 E = Vault monster count
 F = Vault count percentage of total count
                 A         B        C        D         E       F
            +---------+---------+-------+---------+---------+-------
      Total |      66 |      35 |  34.7 |      25 |       6 |  19.4
            +---------+---------+-------+---------+---------+-------
        D:1 |      32 |       0 |   0.0 |      18 |       0 |   0.0
        D:2 |      34 |      35 |  50.7 |       7 |       6 |  46.2
            +---------+---------+-------+---------+---------+-------
